 Dungeon Crawl Stone Soup version 0.31.0-32-g396128a36d (webtiles) character file.

Game seed: 17369420198104780535

526 PaiMei the Grave Robber (level 7, -2/50 HPs)
             Began as a Demonspawn Necromancer on Apr 11, 2024.
             Slain by a vampire mosquito (3 damage)
             ... on level 6 of the Dungeon.
             The game lasted 00:07:08 (4644 turns).

PaiMei the Grave Robber (Demonspawn Necromancer)    Turns: 4644, Time: 00:07:09

Health: -2/50      AC:  4    Str:  9    XL:     7   Next: 2%
Magic:  21/21      EV: 14    Int: 17    God:
Gold:   197        SH:  4    Dex: 19    Spells: 9/13 levels left

rFire   + . .        c - +2 short sword (speed)
rCold   . . .        (no shield)
rNeg    . . .        a - +0 robe
rPois   .            n - +1 hat
rElec   .            (no cloak)
rCorr   .            j - +0 pair of gloves
SInv    .            (no boots)
Will    +....        u - amulet of magic regeneration
Stlth   +++          d - +6 ring of dexterity
HPRegen 0.28/turn    s - ring of magical power
MPRegen 0.57/turn

%: clarity
@: mighty, brilliant, enlightened, flying, hasted, very quick
A: foul stench 1, big brain 1, condensation shield, antennae 1, clarity, dopey
1, fire resistance 1
a: no special abilities


You were on level 6 of the Dungeon.
You visited 1 branch of the dungeon, and saw 6 of its levels.

You collected 197 gold pieces.

Inventory:

Hand Weapons
 c - a +2 short sword of speed (weapon)
 e - a +0 hand axe of freezing
Armour
 a - a +0 robe (worn)
 j - a +0 pair of gloves (worn)
 n - a +1 hat (worn)
Jewellery
 d - a +6 ring of dexterity (left hand)
 s - a ring of magical power (right hand)
 u - an amulet of magic regeneration (around neck)
 v - a ring of fire
Scrolls
 h - 4 scrolls of identify
 k - 2 scrolls of teleportation
 t - 2 scrolls of acquirement
Potions
 b - a potion of magic
 p - a potion of brilliance


   Skills:
 + Level 2.1 Fighting
 + Level 3.7 Dodging
 - Level 3.1 Stealth
 + Level 3.8 Spellcasting
 + Level 6.0 Necromancy


You had 9 spell levels left.
You knew the following spells:

 Your Spells              Type           Power      Damage    Failure   Level
a - Necrotise             Necr           100%       1d9       1%          1
b - Vampiric Draining     Necr           35%        2d8       4%          3

Your spell library contained the following spells:

 Spells                   Type           Power      Damage    Failure   Level
 Animate Dead             Necr           35%        N/A       13%         4
 Freeze                   Ice            16%        1d4       16%         1
 Curse of Agony           Necr           35%        N/A       36%         5
 Frozen Ramparts          Ice            8%         1d2       43%         3
 Hailstorm                Conj/Ice       4%         3d5       43%         3


Dungeon Overview and Level Annotations

Branches:
Dungeon (7/15)
 Temple: D:4-7

Altars:
Cheibriados
Trog


Innate Abilities, Weirdness & Mutations

You may rarely emit foul miasma when damaged in melee.
You have an unusually large brain. (Int +2)
A meltable shield of frost defends you. (SH +4)
You have a pair of small antennae on your head.
You possess an exceptional clarity of mind.
You are dopey. (Int -2)
Your flesh is heat resistant. (rF+)


Message History

The vampire mosquito bites you.
The vampire mosquito draws strength from your injuries!
The vampire mosquito bites you.
The vampire mosquito draws strength from your injuries!
You closely miss the vampire mosquito.
The vampire mosquito is lightly damaged.
You block the vampire mosquito's attack.
You miss the vampire mosquito.
The vampire mosquito is lightly damaged.
The vampire mosquito bites you.
* * * LOW HITPOINT WARNING * * *
The vampire mosquito draws strength from your injuries!
You block the vampire mosquito's attack.
It was a potion of mutation.
You feel extremely strange.
Your thoughts seem clearer.
A pair of antennae grows on your head!
You feel stupid.
You feel resistant to heat.
You block the vampire mosquito's attack.
The vampire mosquito barely misses you. The vampire mosquito bites you.
* * * LOW HITPOINT WARNING * * *
The vampire mosquito draws strength from your injuries!
It was a potion of brilliance.
You feel clever all of a sudden.
The vampire mosquito closely misses you. x2
It was a potion of enlightenment.
You feel very buoyant.
You fly up into the air.
The vampire mosquito misses you. The vampire mosquito bites you.
* * * LOW HITPOINT WARNING * * *
The vampire mosquito draws strength from your injuries!
The vampire mosquito barely misses you.
It was a potion of might.
You feel very mighty all of a sudden.
You block the vampire mosquito's attack.
The vampire mosquito bites you.
* * * LOW HITPOINT WARNING * * *
The vampire mosquito draws strength from your injuries!
You puncture the vampire mosquito!
The vampire mosquito is moderately damaged.
The vampire mosquito bites you.
You die...

###### .. ##....## .
#......# .# .
#.....## ##.# §.
#....## ..§#§☼.
###....# .○§§○☼.
##.....######§§§☼§○.
#.......#§§@y☼§○☼§☼.
##..§☼§§○○§§y○§§☼§§.
##.○☼§#§☼☼☼§☼§§§☼§.
###.##§☼§§○§§☼§☼○.
####§☼§○☼○§§○§☼.
##§○§§§§☼☼§§.
##○§○§§☼○§###
###○§○☼##§§§§
#......#...>..


You could see 2 vampire mosquitoes.

Vanquished Creatures
  A water moccasin (D:6)
  An ice beast (D:6)
  A sky beast (D:6)
  A sleepcap (D:4)
  Jessica (D:3)
  An orc wizard (D:4)
  3 gnolls (D:3)
  2 adders (D:3)
  A river rat (D:3)
  2 ribbon worms (D:3)
  2 dart slugs
  3 orcs (D:4)
  9 ball pythons
  4 bats
  7 endoplasms
  6 giant cockroaches
  4 goblins
  10 hobgoblins
  11 jackals
  5 kobolds (D:1)
  3 quokkas
  3 frilled lizards
  4 rats
85 creatures vanquished.

Notes
Turn   | Place    | Note
-------+----------+-------------------------------------------
     0 | D:1      | PaiMei the Demonspawn Necromancer began the quest for the
                  | Orb.
     0 | D:1      | Reached XP level 1. HP: 13/13 MP: 3/3
   217 | D:1      | Gained mutation: A meltable shield of frost defends you.
                  | (SH +4) [demonic ancestry]
   217 | D:1      | Reached XP level 2. HP: 19/19 MP: 3/5
   753 | D:1      | Reached XP level 3. HP: 24/24 MP: 4/6
  2452 | D:3      | Found a faded altar of an unknown god.
  2542 | D:3      | Gained mutation: You have an unusually large brain. (Int
                  | +2) [demonic ancestry]
  2542 | D:3      | Reached XP level 4. HP: 30/30 MP: 3/7
  2767 | D:3      | Noticed Jessica
  2772 | D:3      | Killed Jessica
  2773 | D:3      | Reached skill level 5 in Necromancy
  2975 | D:3      | Found a snail-covered altar of Cheibriados.
  3122 | D:3      | Reached XP level 5. HP: 35/35 MP: 6/9
  4142 | D:4      | Learned a level 3 spell: Vampiric Draining
  4329 | D:4      | You fall into a shaft and drop 3 floors!
  4399 | D:6      | Noticed an ice beast
  4407 | D:6      | Killed an ice beast
  4408 | D:6      | Reached skill level 1 in Fighting
  4408 | D:6      | Gained mutation: You may rarely emit foul miasma when
                  | damaged in melee. [demonic ancestry]
  4408 | D:6      | Reached XP level 6. HP: 34/43 MP: 10/11
  4439 | D:6      | Found a bloodstained altar of Trog.
  4453 | D:6      | Noticed a water moccasin
  4459 | D:6      | Killed a water moccasin
  4580 | D:6      | Noticed a sky beast
  4591 | D:6      | Killed a sky beast
  4592 | D:6      | Reached skill level 6 in Necromancy
  4592 | D:6      | Reached XP level 7. HP: 47/50 MP: 12/12
  4625 | D:6      | Noticed a vampire mosquito
  4628 | D:6      | Noticed a vampire mosquito
  4631 | D:6      | Identified 2 scrolls of acquirement
  4640 | D:6      | Gained mutation: You possess an exceptional clarity of
                  | mind. [potion of mutation]
  4640 | D:6      | Gained mutation: You have a pair of small antennae on your
                  | head. [potion of mutation]
  4640 | D:6      | Gained mutation: You are dopey. (Int -2) [potion of
                  | mutation]
  4640 | D:6      | Gained mutation: Your flesh is heat resistant. (rF+)
                  | [potion of mutation]
  4642 | D:6      | HP: 2/50 [vampire mosquito (3)]
  4644 | D:6      | Slain by a vampire mosquito

Illustrated notes

Levels and vault maps discovered:
D:1:      wheals_arrival_linesprint, layout_basic, serial_corexii_hall,
          corexii_hall_statues_l, corexii_hall_statues_t
D:2:      layout_basic, basic_altar, corexii_leaking_fountain, chequers_garden
D:3:      layout_basic, cheibrodos_worm_habitat,
          ebering_ecumenical_altar_abandoned, gup_sewer_entry_spiral,
          minmay_box_of_dots, uniq_jessica
D:4:      layout_basic
D:6:      layout_cave_pools, lemuel_crystal_altar, minmay_temple_entry_poolview,
          serial_shops, nicolae_shop_behind_doors, uniq_maggie
D:7:      layout_loops_ring, enter_bailey_1, hellmonk_ghost_happy_afterlife,
          amcnicky_mini_pool_medium, uniq_pikel

Skill      XL: |  1  2  3  4  5  6 |
---------------+-------------------+-----
Stealth        | 2 3 |  3.1
Dodging        | 2 3 |  3.7
Necromancy     | 5 6 |  6.0
Spellcasting   | 3 |  3.8
Fighting       | 1 2 |  2.1

Action                     |  1- 3 |  4- 6 |  7- 9 || total
---------------------------+-------+-------+-------++-------
  Melee: Hand axe          |    11 |       |       ||    11
         Dagger            |     7 |       |       ||     7
         Short sword       |     8 |    20 |     6 ||    34
   Cast: Necrotise         |    76 |    75 |       ||   151
         Vampiric Draining |       |     8 |       ||     8
    Use: Scroll            |       |       |     5 ||     5
         Potion            |       |       |     5 ||     5
 Armour: Robe              |    26 |    21 |    18 ||    65
  Dodge: Dodged            |    43 |    18 |    12 ||    73
  Block: Other             |     4 |     3 |     7 ||    14
